 Dungeon Crawl Stone Soup version 0.26.1-11-gd32895ea62 (webtiles) character file.

Game seed: 8363032638905914926

44 Zeld the Twirler (level 3, -1/24 HPs)
             Began as an Octopode Gladiator on May 22, 2021.
             Slain by Sigmund
             ... wielding a +0 scythe
              (3 damage)
             ... on level 2 of the Dungeon.
             The game lasted 00:01:34 (1210 turns).

Zeld the Twirler (Octopode Gladiator)               Turns: 1210, Time: 00:01:35

Health: -1/24      AC:  1    Str: 14    XL:     3   Next: 60%
Magic:  12/12      EV: 14    Int: 10    God:
Gold:   21         SH:  0    Dex: 13    Spells: 2/2 levels left

rFire    . . .     SeeInvis .   a - +0 quarterstaff
rCold    . . .     Faith    .   (shield currently unavailable)
rNeg     . . .     Spirit   .   b - +0 hat
rPois    .         Reflect  .   (no amulet)
rElec    .         Harm     .   (no ring)
rCorr    .         Rampage  .   h - ring of magical power
Will     .....                  (no ring)
Stlth    ++........             (no ring)
HPRegen  0.08/turn              (no ring)
MPRegen  0.13/turn              (no ring)
                                (no ring)
                                (no ring)

@: no status effects
A: almost no armour, stealthy swim, amphibious, 8 rings, constrict 8, camouflage
1, gelatinous body 1
a: no special abilities


You were on level 2 of the Dungeon.
You visited 1 branch of the dungeon, and saw 2 of its levels.

You collected 21 gold pieces.

Inventory:

Hand Weapons
 a - a +0 quarterstaff (weapon)
Missiles
 c - 3 throwing nets (quivered)
Armour
 b - a +0 hat (worn)
Jewellery
 h - a ring of magical power (right tentacle)
Scrolls
 e - 2 scrolls of teleportation
 i - 2 scrolls of identify
 j - a scroll of remove curse
 l - a scroll of fear
Potions
 d - a potion of curing {unknown}
 f - a potion of invisibility {unknown}
 k - a potion of resistance {unknown}


   Skills:
 - Level 2.0 Fighting
 * Level 4.5 Staves
 - Level 2.0 Throwing
 - Level 3.0 Dodging


You had 2 spell levels left.
You didn't know any spells.
Your spell library was empty.

Dungeon Overview and Level Annotations

Branches:
Dungeon (2/15)

Altars:

Annotations:
D:2 Sigmund


Innate Abilities, Weirdness & Mutations

You cannot wear most types of armour.
You are very stealthy in the water. (Stealth+)
You are amphibious.
You can wear up to eight rings at the same time.
You can use your tentacles to constrict eight enemies at once.
Your skin changes colour to match your surroundings (Stealth+).
Your rubbery body absorbs attacks. (AC +1, EV +1)


Message History

Sigmund is moderately wounded.
Sigmund flickers, as though insubstantial.
Sigmund hits you with a +0 scythe!
* * * LOW HITPOINT WARNING * * *
Okay, then.
You are too confused!
Unknown command.
You are too confused!
Unknown command.
Sigmund closely misses you. Sigmund barely misses you.
You bump into the rock wall.
Sigmund gestures at himself while chanting.
Sigmund flickers and vanishes!
Deactivating autopickup; reactivate with Ctrl-A.
The frilled lizard bites you but does no damage.
You bump into the rock wall.
You feel less confused. Something hits you.
You die...

#### ...# ##.# ##.##
##..###### ###......##
.#######..###### .#
##......####
.#############..@l#######
..)....# #####{....!.#
#.####.# ##....S.#....#
.# ##..†.w....#### ..
#..........# #.#
#............# .#
###...!.......( ..
#...........## ..
#.!>........#


You could see an adder and a frilled lizard.

Vanquished Creatures
  An adder (D:2)
  An ooze (D:1)
  A dart slug (D:1)
  2 giant cockroaches (D:1)
  2 goblins (D:1)
  5 hobgoblins
  4 jackals (D:1)
  3 bats
  A frilled lizard (D:2)
  4 kobolds (D:1)
  4 rats (D:1)
28 creatures vanquished.

Vanquished Creatures (others)
  A plant (D:1)
  5 toadstools (D:1)
6 creatures vanquished.

Grand Total: 34 creatures vanquished

Notes
Turn   | Place    | Note
-------+----------+-------------------------------------------
     0 | D:1      | Zeld the Octopode Gladiator began the quest for the Orb.
     0 | D:1      | Reached XP level 1. HP: 14/14 MP: 1/1
    61 | D:1      | Reached XP level 2. HP: 14/19 MP: 2/2
   366 | D:1      | Reached skill level 4 in Staves
   619 | D:1      | Reached XP level 3. HP: 22/24 MP: 3/3
  1195 | D:2      | Noticed Sigmund
  1210 | D:2      | Slain by Sigmund

Illustrated notes

Levels and vault maps discovered:
D:1:      ldierk_walled_garden, layout_rooms, chequers_serial_rivers_micro_c,
          minmay_pentomino_r4
D:2:      layout_rooms, nicolae_overflow_crystal_walls, lemuel_crystal_altar,
          uniq_jessica, uniq_sigmund

Skill      XL: |  1  2 |
---------------+-------+-----
Staves         | 4 |  4.5
Fighting       | |  2.0
Throwing       | |  2.0
Dodging        | |  3.0

Action                   || total
-------------------------++-------
Melee: Quarterstaff      ||    54
       Constrict         ||    16
       Tentacles         ||     8
  Use: Scroll            ||     3
 Stab: Sleeping          ||     4
Armor: Skin              ||     5
Dodge: Dodged            ||    39
